 Dungeon Crawl Stone Soup version 0.30-a0-918-g0ff054e9dc (webtiles) character file.

Game seed: 14013701266466120723

476 BlueFish the Sneak (level 7, -4/45 HPs)
             Began as an Octopode Transmuter on Mar 21, 2023.
             Slain by Edmund
             ... wielding a +6 dire flail of holy wrath
              (11 damage)
             ... on level 4 of the Dungeon.
             The game lasted 00:04:00 (2459 turns).

BlueFish the Sneak (Octopode Transmuter)            Turns: 2459, Time: 00:04:01

Health: -4/45      AC:  2    Str: 11    XL:     7   Next: 10%
Magic:  10/11      EV: 20    Int: 16    God:
Gold:   176        SH:  0    Dex: 17    Spells: 6/12 levels left

rFire   . . .      SeeInvis .      - Unarmed
rCold   . . .      Faith    .    (shield currently unavailable)
rNeg    . . .      Spirit   .    (helmet currently unavailable)
rPois   x          Reflect  .    (no amulet)
rElec   .          Rampage  .    (no ring)
rCorr   .                        (no ring)
Will    .....                    (no ring)
Stlth   +++                      (no ring)
HPRegen 0.27/turn                (no ring)
MPRegen 0.12/turn                (no ring)
                                 (no ring)
                                 (no ring)

@: spider-form (expiring)
A: venomous fangs, almost no armour, (amphibious), 8 rings, tiny, (camouflage
1), (gelatinous body 1), (nimble swimmer 1), (tentacles)
a: End Transformation


You were on level 4 of the Dungeon.
You were a venomous arachnid creature.
You visited 1 branch of the dungeon, and saw 4 of its levels.

You collected 176 gold pieces.

Inventory:

Missiles
 f - a throwing net
 m - 3 poisoned darts
Scrolls
 b - 3 scrolls of identify {unknown}
 c - a scroll of noise {unknown}
 d - 2 scrolls of amnesia {unknown}
 e - 2 scrolls of fog {unknown}
 i - a scroll of blinking {unknown}
 j - 3 scrolls of fear {unknown}
 l - a scroll of summoning {unknown}
 n - a scroll of teleportation {unknown}
 o - a scroll of silence {unknown}
Potions
 a - a potion of lignification
 g - a potion of resistance {unknown}
 h - 2 potions of mutation {unknown}
 k - 2 potions of flight {unknown}


   Skills:
 + Level 2.7 Fighting
 + Level 3.1 Dodging
 * Level 5.1 Stealth
 + Level 3.8 Unarmed Combat
 + Level 3.0 Spellcasting
 + Level 3.1 Transmutations
 * Level 2.1 Poison Magic


You had 6 spell levels left.
You knew the following spells:

 Your Spells              Type           Power      Damage    Failure   Level
a - Beastly Appendage     Tmut           24%        N/A       14%         1
b - Wereblood             Tmut           12%        N/A       21%         2
c - Spider Form           Tmut/Pois      11%        N/A       38%         3

Your spell library contained the following spells:

 Spells                   Type           Power      Damage    Failure   Level
 Ice Form                 Ice/Tmut       7%         N/A       85%         4
 Passage of Golubria      Tloc           2%         N/A       96%         4
 Disjunction              Tloc           1%         N/A       100%        8
 Necromutation            Tmut/Necr      3%         N/A       100%        8


Dungeon Overview and Level Annotations

Branches:
Dungeon (4/15)
 Temple: D:4-7

Altars:
Cheibriados

Shops:
D:2 *

Annotations:
D:4 Edmund


Innate Abilities, Weirdness & Mutations

You are a venomous arachnid creature.
You have venomous fangs.
You are tiny and dextrous.
Your spellcasting is less reliable in this form.
Your armour is entirely melded.
You are incapable of wielding weapons or throwing items.
You cannot wear most types of armour.
((You are amphibious.))
You can wear up to eight rings at the same time.
((Your skin changes colour to match your surroundings (Stealth+).))
((Your rubbery body absorbs attacks. (AC +1, EV +1)))
((You are camouflaged when in or above water. (Stealth+)))
((You have tentacles for arms and can constrict up to eight enemies at once.))


Message History

You turn into a venomous arachnid creature.
You see here 2 viscous amethyst potions.
The helpless Edmund fails to defend himself.
You hit Edmund.
Edmund is poisoned.
Edmund is lightly wounded.
Edmund closely misses you.
You hit Edmund but do no damage.
Edmund looks as sick as possible!
Edmund is lightly wounded.
Edmund misses you.
You hit Edmund.
Edmund looks as sick as possible!
Edmund is moderately wounded.
Edmund hits you with a +6 dire flail of holy wrath!!
You hit Edmund.
Edmund looks as sick as possible!
Edmund is moderately wounded.
Edmund drinks a potion.
Edmund is healed!
Edmund looks more healthy.
You hit Edmund but do no damage.
Edmund is poisoned.
Edmund is lightly wounded.
Edmund says, "People accused me of being a cutpurse!"
Edmund hits you with a +6 dire flail of holy wrath!
You hit Edmund but do no damage.
Edmund looks as sick as possible!
Edmund is moderately wounded.
Edmund closely misses you.
You hit Edmund.
Edmund looks as sick as possible!
Edmund is moderately wounded.
Edmund misses you.
You hit Edmund but do no damage.
Edmund looks as sick as possible!
Edmund is heavily wounded.
Edmund closely misses you.
You hit Edmund.
Edmund is heavily wounded.
Your transformation is almost over.
Edmund hits you with a +6 dire flail of holy wrath!
* * * LOW HITPOINT WARNING * * *
You see here 2 viscous amethyst potions.
Edmund attacks as you move away!
Edmund hits you with a +6 dire flail of holy wrath.
* * * LOW HITPOINT WARNING * * *
Edmund attacks as you move away!
Edmund hits you with a +6 dire flail of holy wrath!
You die...

##.. ... .. ##.. .. ###..
..# # ##...# ..#
#.###....###..#
#...#...#....##
#......###!....#
##..#....s@....##
#..#####......## ..
###..## #.......# ..
#.....# #.....#.# . ####.
#.....####...##.... #....
##.......##.##......
.....
##...............#.##
.....
######........###...###.#
..... #)#..#.......##
...## .....


You could see Edmund (very poisoned).

Vanquished Creatures
  Sigmund (D:2)
  An ogre (D:4)
  Blork the orc (D:4)
  An iguana (D:3)
  Natasha (twice) (D:2)
  3 adders
  2 dart slugs
  3 orcs
  4 bats
  6 endoplasms
  4 giant cockroaches
  2 goblins (D:3)
  7 hobgoblins
  2 jackals (D:1)
  5 kobolds
  3 quokkas
  5 ball pythons
  4 frilled lizards
  4 rats
60 creatures vanquished.

Notes
Turn   | Place    | Note
-------+----------+-------------------------------------------
     0 | D:1      | BlueFish the Octopode Transmuter began the quest for the
                  | Orb.
     0 | D:1      | Reached XP level 1. HP: 13/13 MP: 3/3
    66 | D:1      | Reached skill level 1 in Stealth
   119 | D:1      | Reached XP level 2. HP: 18/18 MP: 5/5
   122 | D:1      | Learned a level 2 spell: Wereblood
   199 | D:1      | Got the Tome of Ghoulish Superposition
   514 | D:1      | Reached skill level 2 in Stealth
   584 | D:1      | Reached XP level 3. HP: 22/23 MP: 6/6
   805 | D:2      | Noticed Sigmund
   815 | D:2      | Killed Sigmund
   816 | D:2      | Reached skill level 4 in Stealth
   816 | D:2      | Reached XP level 4. HP: 24/29 MP: 5/8
   816 | D:2      | Reached XP level 5. HP: 29/34 MP: 5/9
   821 | D:2      | Learned a level 3 spell: Spider Form
   937 | D:2      | Noticed Natasha
   948 | D:2      | Killed Natasha
  1008 | D:2      | Found Holued's Assorted Antiques.
  1013 | D:2      | Reached XP level 6. HP: 33/39 MP: 10/10
  1119 | D:2      | Identified the +0 dagger of Equivalence {venom, rElec rC+
                  | rCorr Str-2}
  1346 | D:2      | Noticed Natasha
  1372 | D:2      | Killed Natasha
  1704 | D:3      | Reached skill level 1 in Poison Magic
  1910 | D:3      | Found a snail-covered altar of Cheibriados.
  1940 | D:3      | HP: 2/40 [poisoned by an adder]
  2250 | D:4      | Noticed Blork the orc
  2268 | D:4      | Killed Blork the orc
  2315 | D:4      | Reached skill level 5 in Stealth
  2315 | D:4      | Reached XP level 7. HP: 43/45 MP: 8/11
  2440 | D:4      | Noticed Edmund
  2459 | D:4      | Slain by Edmund

Illustrated notes

Levels and vault maps discovered:
D:1:      matt_arrival_grand_opening, layout_loops_ring
D:2:      layout_loops_cross, serial_shops, shop, uniq_natasha, uniq_sigmund
D:3:      layout_basic, kennysheep_slug_shrine
D:4:      layout_cave_pools, minmay_temple_entry_gardened_gates,
          serial_bayou_pond_c, uniq_blork_the_orc, uniq_edmund

Skill      XL: |  1  2  3  4  5  6 |
---------------+-------------------+-----
Stealth        | 1 2 4 5 |  5.1
Fighting       | 2 |  2.7
Poison Magic   | 2 |  2.1
Dodging        | 3 |  3.1
Transmutations | 3 |  3.1
Spellcasting   | 3 |  3.0
Unarmed Combat | |  3.8

Action                     |  1- 3 |  4- 6 |  7- 9 || total
---------------------------+-------+-------+-------++-------
  Melee: Unarmed           |    52 |    84 |    10 ||   146
         Constrict         |    15 |    19 |       ||    34
         Tentacles         |    13 |    13 |     1 ||    27
         Kick              |     3 |     7 |       ||    10
         Punch             |       |     3 |       ||     3
   Cast: Beastly Appendage |     1 |     6 |       ||     7
         Spider Form       |       |     2 |     1 ||     3
   Stab: Sleeping          |     4 |     8 |     1 ||    13
         Distracted        |       |     1 |       ||     1
 Armour: Skin              |     3 |     5 |       ||     8
  Dodge: Dodged            |    41 |    52 |     5 ||    98

Table legend: (Time is in decaauts)
 A = Elapsed time spent in this place.
 B = Non-inter-level travel time spent in this place.
 C = Inter-level travel time spent in this place.
 D = Time resting spent in this place.
 E = Time spent auto-exploring this place.
 F = Levels seen in this place.
 G = Mean time per level.
                   A        B        C        D        E       F      G
               +--------+--------+--------+--------+--------+-----+--------+
         Total |   2459 |   2387 |     72 |      0 |   1895 |   4 |  614.8 |
       Dungeon |   2459 |   2387 |     72 |      0 |   1895 |   4 |  614.8 |
               +--------+--------+--------+--------+--------+-----+--------+

Top non-repeatable levels by time:
     D:1: 764 daAuts
     D:2: 755 daAuts
     D:3: 675 daAuts
     D:4: 263 daAuts
